General information
	        
			
        
        - name: Skycity5
 
        - type: Custom game
 
        - host: Iceberg-Slim
 
        - saver: timg4strOK
 
        
map: SecretValley 
        - players: 8
 
        - length: 14:09
 
        - speed: Fast
 - version: 1.22 W3XP
 - replay type:  

 
» download(53 KB)
Players
        team 1 (loser) 
              
              
greedoFthenoob (
pink | 95 APM | 1345 actions | 14:06)
              
 3 Archmage 
 2 Summon Water Elemental
 1 Brilliance Aura
 2 Mountain King 
 1 Storm Bolt
 1 Bash
 
                » actions 
                
                | Assign group hotkey | 29 |  | 
| Basic commands | 28 |  | 
| Build / train | 54 |  | 
| ESC pressed | 2 |  | 
| Enter build submenu | 20 |  | 
| Enter hero's abilities submenu | 5 |  | 
| Give item / drop item | 3 |  | 
| Right click | 631 |  | 
| Select / deselect | 355 |  | 
| Select group hotkey | 168 |  | 
| Use ability | 49 |  | 
                1345 total
 » units 
                
                | Peasant | 10 |  | 
| Footman | 6 |  | 
| Mortar Team | 7 |  | 
| Sorceress | 2 |  | 
| Rifleman | 4 |  | 
| Priest | 4 |  | 
                33 total
 » upgrades
                
                | Defend | 1 |  | 
| Long Rifles | 1 |  | 
| Gunpowder | 1 |  | 
                3 total
 » buildings
                
                | Altar of Kings | 1 |  | 
| Farm | 8 |  | 
| Barracks | 1 |  | 
| Scout Tower | 1 |  | 
| Arcane Tower | 1 |  | 
| Keep | 1 |  | 
| Arcane Vault | 1 |  | 
| Blacksmith | 1 |  | 
| Workshop | 1 |  | 
| Arcane Sanctum | 1 |  | 
                17 total
 » build order
                00:05 Altar of Kings
00:18 Farm
00:24 Barracks
01:03 Farm
01:37 Scout Tower
01:55 Farm
02:09 Arcane Tower
02:51 Farm
03:59 Keep
04:29 Arcane Vault
04:39 Blacksmith
04:58 Farm
06:24 Farm
06:38 Workshop
06:44 Arcane Sanctum
07:00 Farm
08:39 Farm
» items
                
                | Boots of Speed | 1 |  | 
| Dust of Appearance | 1 |  | 
| Scroll of Regeneration | 2 |  | 
| Potion of Healing | 2 |  | 
| Scroll of Healing | 1 |  | 
                7 total
  
               team 2 (winner) 
              
              
timg4strOK (
gray | 113 APM | 1596 actions | 14:09)
              
 4 Warden 
 2 Fan of Knives
 2 Blink
 3 Pandaren Brewmaster 
 2 Breath of Fire
 1 Drunken Haze
 
                » actions 
                
                | Assign group hotkey | 17 |  | 
| Basic commands | 70 |  | 
| Build / train | 59 |  | 
| Enter build submenu | 16 |  | 
| Enter hero's abilities submenu | 7 |  | 
| Give item / drop item | 4 |  | 
| Right click | 683 |  | 
| Select / deselect | 184 |  | 
| Select group hotkey | 498 |  | 
| Use ability | 58 |  | 
                1596 total
 » units 
                
                | Wisp | 19 |  | 
| Archer | 4 |  | 
| Dryad | 4 |  | 
| Druid of the Claw | 2 |  | 
                29 total
 » upgrades
                
                | Abolish Magic | 1 |  | 
| Druid of the Claw Training | 2 |  | 
| Strength of the Wild | 2 |  | 
| Well Spring | 1 |  | 
| Ultravision | 1 |  | 
| Reinforced Hides | 1 |  | 
                8 total
 » buildings
                
                | Altar of Elders | 1 |  | 
| Moon Well | 6 |  | 
| Ancient of War | 1 |  | 
| Tree of Ages | 4 |  | 
| Hunter's Hall | 1 |  | 
| Ancient of Lore | 2 |  | 
| Ancient of Wonders | 1 |  | 
| Tree of Life | 3 |  | 
| Tree of Eternity | 3 |  | 
                22 total
 » build order
                00:10 Altar of Elders
00:18 Moon Well
00:41 Ancient of War
01:31 Moon Well
02:48 Tree of Ages
02:48 Tree of Ages
02:48 Tree of Ages
03:36 Hunter's Hall
04:22 Moon Well
05:16 Ancient of Lore
05:16 Ancient of Lore
05:22 Ancient of Wonders
06:45 Tree of Life
06:58 Tree of Life
07:46 Tree of Eternity
07:47 Tree of Eternity
07:47 Tree of Eternity
07:57 Moon Well
08:37 Moon Well
13:00 Tree of Life
14:06 Moon Well
» items
                
                | Orb of Venom | 1 |  | 
| Staff of Preservation | 1 |  | 
| Boots of Speed | 1 |  | 
| Scroll of Healing | 1 |  | 
| Scroll of Protection | 1 |  | 
| Potion of Lesser Invulnerability | 1 |  | 
                6 total
  
               observersIceberg-Slim, 
jerund, 
3DGAYWORLD, 
Chopstix, 
Dexanth, 
ATOUCHOFHERLIPS Chat log
          (00:07 / All) timg4strOK: my name is inigo montoya
(00:14 / All) timg4strOK: you killed my father prepare to die
(00:31 / All) timg4strOK: gl hf
(00:37 / All) greedoFthenoob: gg eta
(00:48 / All) timg4strOK: i think i win........................................
(00:52 / All) timg4strOK: because he attack my kodo..........
(01:08 / All) timg4strOK: what hero you want turk
(01:09 / All) timg4strOK: pick fast
(01:12 / All) greedoFthenoob: warden pls
(01:14 / All) timg4strOK: done
(01:19 / All) greedoFthenoob: ty
(01:55 / All) timg4strOK: cant hear you corr
(01:57 / All) timg4strOK: keep breaking up
(02:00 / All) timg4strOK: my lag is bad......
(03:15 / All) greedoFthenoob: Lmao
(03:16 / All) greedoFthenoob: manner
(03:44 / All) timg4strOK: turk why are you so bad manner
(05:42 / All) timg4strOK: turk if you dont win this is bad
(05:46 / All) timg4strOK: i freeze up every 5 seconds
(07:18 / All) greedoFthenoob: gG?
(07:20 / All) greedoFthenoob: uploading
(07:21 / All) greedoFthenoob: uploading
(07:33 / All) timg4strOK: its nice of you to upload a game you lose
(07:36 / All) timg4strOK: saves me the hassle
(09:46 / All) greedoFthenoob: DD
(11:53 / All) greedoFthenoob: lag unplayable
(11:55 / All) greedoFthenoob: seriously
(12:00 / All) greedoFthenoob: that's bullshit
(12:04 / All) timg4strOK: how bad are you
(12:12 / All) greedoFthenoob: i shoulda dropped you
(12:13 / All) greedoFthenoob: fuckin nig
(12:13 / All) timg4strOK: ive disconnected and reconnected from ventrilo maybe 15 times this game
(12:16 / All) greedoFthenoob: D
(12:21 / All) greedoFthenoob: D
(12:21 / All) greedoFthenoob: D
(12:22 / All) greedoFthenoob: D
(12:22 / All) greedoFthenoob: D
(12:22 / All) greedoFthenoob: D
(12:23 / All) greedoFthenoob: D
(13:28 / All) timg4strOK: cant
(13:33 / All) timg4strOK: too laggy
(13:48 / All) timg4strOK: leave please
(13:51 / All) timg4strOK: the g has been g'd
(14:06 / All) timg4strOK: poot